Map: Dusk Towers

Players

Nerchio - Winner!

  • Race: Zerg Zerg
  • League: Grandmaster

LiquidTLO (TLO)

  • Race: Zerg Zerg
  • League: Grandmaster

Event: DreamHack ROCCAT LotV Championship

VOD

Have the link to the VOD?

Description

Time

  • Played on: Nov. 26, 2015, 12:22 p.m.
  • Length: 18:35

All games in this series

Show
View Real Time Build Order
Export as new Build Order

Nerchio Zerg - Winner!

Build Orders: Hatch First 

Get SALT Encoding   

  12  0:00  Drone  
  13  0:12  Overlord  
  13  0:17  Drone  
  14  0:30  Drone x2  
  14  0:34  Drone  
  17  0:52  Hatchery  
  17  0:55  Drone  
  17  0:58  Drone  
  18  1:07  Extractor  
  17  1:14  Spawning Pool  
  17  1:17  Drone  
  17  1:20  Drone  
  18  1:28  Drone  
  19  1:38  Overlord  
  19  1:51  Drone  
  20  2:00  Queen  
  22  2:01  Zergling x2  
  22  2:02  Baneling Nest  
  22  2:04  Zergling x2  
  23  2:09  Spine Crawler  
  23  2:12  Zergling x2  
  23  2:18  Queen  
  23  2:22  Zergling x2  
  26  2:25  Zergling x2  
  26  2:28  Zergling x2  
  28  2:34  Zergling x2  
  29  2:39  Zergling x2  
  30  2:45  Zergling x2  
  30  2:48  Zergling x2  
  27  2:54  Baneling x4  
  27  2:56  Zergling x2  
  27  2:57  Zergling x2  
  26  3:06  Zergling x2  
  26  3:14  Drone x3  
  29  3:22  Baneling  
  29  3:24  Queen  
  29  3:26  Baneling x2  
  29  3:32  Overlord  
  29  3:43  Metabolic Boost  
  29  4:04  Drone x2  
  29  4:05  Hatchery  
  29  4:07  Drone  
  31  4:16  Drone  
  32  4:21  Evolution Chamber  
  31  4:29  Drone  
  32  4:32  Drone x3  
  35  4:48  Hatchery  
  35  4:51  Drone  
  35  4:55  Drone  
  35  5:00  Zerg Missile Weapons Level 1  
  35  5:03  Zergling x2  
  35  5:05  Zergling x2  
  37  5:09  Overlord  
  37  5:14  Drone  
  38  5:20  Drone x2  
  40  5:28  Drone x2  
  42  5:29  Drone x2  
  42  5:30  Drone  
  45  5:36  Extractor  
  45  5:38  Queen  
  45  5:40  Drone  
  47  5:46  Lair  
  47  5:53  Roach Warren, Drone  
  46  5:58  Drone x2  
  46  5:59  Drone  
  46  6:01  Drone  
  50  6:06  Queen  
  52  6:11  Overlord  
  52  6:18  Queen  
  52  6:21  Extractor  
  50  6:26  Zergling x6  
  50  6:27  Zergling x4  
  55  6:36  Drone x4  
  55  6:37  Drone  
  55  6:38  Drone x2  
  62  6:41  Overlord  
  62  6:51  Overseer  
  62  6:52  Nydus Network  
  61  6:55  Drone x4  
  61  6:58  Overlord  
  65  7:03  Zerg Missile Weapons Level 2  
  65  7:11  Roach x4  
  65  7:13  Overlord  
  73  7:15  Overlord  
  73  7:21  Roach x3  
  79  7:23  Roach  
  79  7:25  Overlord  
  79  7:28  Overlord  
  80  7:30  Overlord  
  80  7:35  Roach x2  
  84  7:37  Overlord  
  84  7:42  Roach x2  
  84  7:44  Roach  
  89  7:49  Drone x3  
  89  7:50  Drone  
  92  7:51  Evolution Chamber, Ravager  
  92  7:52  Ravager x2  
  92  7:53  Ravager  
  92  7:54  Drone  
  92  7:57  Drone x2  
  97  7:59  Drone  
  97  8:00  Extractor  
  97  8:01  Drone x2  
  97  8:03  Drone  
  102  8:05  Roach  
  102  8:07  Roach  
  102  8:10  Roach  
  102  8:11  Roach  
  108  8:13  Roach  
  108  8:16  Roach, Extractor  
  108  8:18  Roach  
  113  8:20  Roach  
  113  8:22  Roach  
  116  8:27  Roach  
  116  8:29  Roach  
  116  8:34  Zerg Ground Armor Level 1  
  120  8:35  Roach x2  
  120  8:38  Roach  
  120  8:39  Roach  
  116  8:43  Drone  
  116  8:44  Drone  
  118  8:50  Glial Reconstitution  
  118  8:53  Drone x2  
  118  8:54  Drone  
  118  8:55  Hatchery, Extractor  
  120  9:01  Ravager x2  
  121  9:06  Queen  
  121  9:07  Overlord x3  
  121  9:13  Overlord x2  
  121  9:18  Overseer  
  121  9:27  Hydralisk Den  
  121  9:29  Roach x6  
  121  9:30  Overseer  
  132  9:38  Roach x4  
  140  9:40  Roach  
  140  9:43  Roach  
  140  9:45  Roach  
  141  9:47  Roach x2  
  141  9:50  Roach  
  141  9:52  Roach  
  145  9:56  Lurker Den  
  145  10:01  Roach  
  145  10:02  Roach x2  
  145  10:04  Roach  
  144  10:18  Hatchery, Roach x2  
  144  10:19  Roach  
  144  10:21  Ravager x2  
  150  10:22  Ravager  
  150  10:23  Ravager  
  150  10:25  Roach x2  
  150  10:28  Roach  
  159  10:29  Roach  
  159  10:34  Overlord  
  161  10:36  Overlord  
  161  10:38  Overlord  
  161  10:41  Overlord  
  161  10:45  Overlord  
  161  10:48  Overlord  
  161  10:56  Roach  
  161  10:57  Roach x4  
  171  10:59  Roach  
  171  11:01  Roach  
  171  11:02  Ravager x2  
  171  11:03  Ravager  
  171  11:04  Ravager  
  179  11:06  Roach  
  179  11:08  Roach  
  179  11:10  Roach  
  185  11:14  Roach  
  185  11:15  Roach  
  185  11:16  Roach  
  191  11:19  Roach  
  191  11:24  Hydralisk x2  
  197  11:29  Hydralisk  
  199  11:46  Roach x3  
  199  11:47  Roach  
  199  11:48  Roach x2  
  199  11:52  Roach x2  
  199  11:53  Roach x4  
  199  11:54  Roach  
  191  11:57  Roach  
  191  11:58  Roach  
  191  12:00  Roach  
  188  12:04  Roach x2  
  188  12:07  Roach  
  184  12:08  Roach  
  184  12:11  Roach  
  184  12:13  Roach  
  178  12:17  Roach  
  178  12:21  Overseer  
  158  12:24  Roach  
  158  12:25  Roach  
  153  12:30  Roach  
  153  12:34  Roach  
  146  12:40  Drone x3  
  143  12:44  Drone x3  
  143  12:46  Drone  
  143  12:47  Drone  
  143  12:50  Drone  
  149  12:51  Drone  
  149  12:52  Drone  
  150  13:00  Hydralisk x2  
  154  13:06  Roach x3  
  154  13:12  Roach x2  
  164  13:15  Roach  
  164  13:17  Roach x2  
  167  13:23  Roach x3  
  165  13:27  Roach  
  165  13:28  Roach  
  165  13:29  Roach  
  165  13:33  Roach x2  
  169  13:37  Drone x2  
  169  13:40  Drone  
  169  13:41  Drone x2  
  166  13:45  Drone  
  166  13:46  Drone x2  
  166  13:47  Drone  
  168  13:49  Ravager  
  168  13:52  Drone x2  
  161  13:59  Overseer  
  161  14:00  Overseer x2  
  154  14:05  Roach x2  
  154  14:06  Roach  
  159  14:10  Roach  
  159  14:11  Roach  
  159  14:15  Roach x2  
  164  14:21  Roach x3  
  164  14:24  Roach  
  162  14:31  Roach  
  162  14:32  Roach x2  
  168  14:38  Ravager  
  168  14:39  Ravager x6  
  168  14:42  Pneumatized Carapace  
  175  14:50  Drone  
  176  15:00  Hatchery  
  176  15:05  Overseer  
  175  15:19  Roach  
  177  15:25  Roach x5  
  177  15:26  Roach x4  
  177  15:27  Hydralisk Den  
  194  15:35  Roach x3  
  200  15:52  Zerg Ground Armor Level 2  
  198  16:25  Roach x4  
  187  16:29  Drone  
  187  16:30  Drone, Hydralisk x7  
  198  16:47  Lurker Den  
  198  16:52  Hydralisk  
  200  17:02  Extractor  
  191  17:26  Roach  
  191  17:28  Roach  
  191  17:29  Roach x4  
  189  17:30  Roach x4  
  189  17:31  Roach  
  189  17:35  Roach x4  
  197  17:39  Roach  
  170  17:54  Roach  
  170  17:55  Roach x5  
  171  18:07  Roach x4  
  163  18:13  Roach  
  163  18:14  Roach x3  
Show
View Real Time Build Order
Export as new Build Order

LiquidTLO Zerg 

Build Orders: 13 gas / 14 pool, Pool First, Lurkers 

Get SALT Encoding   

  12  0:01  Drone  
  13  0:15  Drone  
  13  0:17  Extractor  
  13  0:20  Drone  
  14  0:32  Spawning Pool  
  13  0:36  Drone  
  14  0:46  Overlord  
  14  1:18  Metabolic Boost  
  14  1:19  Zergling x6  
  14  1:22  Queen  
  19  1:30  Zergling x2  
  20  1:38  Baneling Nest  
  19  1:41  Zergling x2  
  20  1:55  Zergling x2  
  21  2:03  Overlord  
  21  2:13  Zergling x2  
  22  2:23  Zergling x2  
  23  2:31  Zergling x4  
  23  2:32  Baneling  
  23  2:33  Zergling x2  
  26  2:38  Zergling x2  
  26  2:46  Baneling  
  25  2:52  Drone  
  24  2:59  Zergling x2  
  24  3:13  Hatchery, Overlord  
  24  3:18  Baneling x2  
  22  3:34  Drone  
  23  3:35  Drone  
  23  3:39  Drone  
  24  3:42  Overlord  
  24  3:43  Drone  
  24  3:46  Drone  
  26  3:51  Drone  
  26  4:04  Drone  
  26  4:08  Baneling  
  27  4:11  Drone  
  27  4:13  Drone  
  27  4:14  Drone x2  
  31  4:22  Queen  
  33  4:27  Overlord  
  33  4:29  Drone  
  34  4:33  Drone  
  34  4:36  Drone  
  36  4:43  Drone x3  
  36  4:45  Drone  
  40  4:49  Drone  
  41  4:53  Evolution Chamber  
  41  4:56  Drone  
  41  4:58  Drone  
  42  5:09  Hatchery  
  42  5:11  Drone  
  42  5:13  Zergling x2  
  42  5:16  Drone  
  42  5:19  Zerg Missile Weapons Level 1  
  42  5:21  Drone  
  44  5:25  Lair  
  44  5:27  Drone, Extractor x2  
  43  5:30  Drone  
  43  5:35  Roach Warren  
  43  5:37  Baneling  
  43  5:38  Drone  
  43  5:40  Drone  
  44  5:44  Drone  
  44  5:45  Drone  
  44  5:48  Overlord  
  44  5:49  Drone  
  47  5:51  Drone  
  47  5:56  Drone  
  48  5:59  Drone  
  48  6:03  Zergling x2  
  50  6:10  Queen  
  52  6:11  Overlord  
  52  6:19  Roach x2  
  52  6:20  Roach  
  52  6:22  Glial Reconstitution  
  57  6:28  Drone, Baneling  
  57  6:29  Overseer  
  57  6:31  Drone x6  
  64  6:36  Overlord  
  64  6:41  Roach  
  64  6:42  Roach  
  64  6:44  Roach  
  64  6:46  Drone x3  
  73  6:50  Overlord  
  73  6:52  Drone  
  74  6:54  Drone  
  74  6:58  Overlord  
  74  7:00  Evolution Chamber  
  74  7:01  Overlord  
  74  7:02  Drone x2  
  74  7:08  Drone x3  
  77  7:14  Zerg Missile Weapons Level 2  
  79  7:16  Roach x2  
  79  7:17  Extractor  
  82  7:23  Roach  
  82  7:24  Drone  
  82  7:25  Roach  
  82  7:26  Roach x2  
  82  7:27  Roach x2  
  95  7:30  Overlord  
  95  7:31  Extractor  
  95  7:33  Roach  
  95  7:34  Roach  
  95  7:36  Roach  
  100  7:43  Zerg Ground Armor Level 1  
  98  7:45  Drone  
  98  7:46  Drone x2  
  98  7:47  Drone  
  98  7:48  Drone x2  
  103  7:53  Drone  
  103  7:54  Extractor  
  103  7:57  Drone  
  103  7:58  Tunneling Claws  
  104  8:07  Overlord x2  
  104  8:12  Burrow  
  103  8:13  Roach  
  103  8:14  Drone x2  
  103  8:17  Overlord  
  103  8:18  Roach  
  103  8:19  Roach x2  
  113  8:29  Roach x2  
  113  8:31  Roach x4  
  113  8:32  Roach  
  127  8:37  Roach  
  127  8:38  Roach x2  
  127  8:40  Roach x2  
  127  8:41  Roach  
  125  8:42  Roach  
  125  8:45  Roach  
  129  8:52  Hatchery  
  129  8:53  Roach  
  130  8:56  Roach  
  130  8:58  Roach  
  130  8:59  Roach  
  130  9:00  Overlord  
  136  9:05  Overlord  
  136  9:06  Roach  
  136  9:07  Roach  
  138  9:11  Overlord  
  138  9:14  Overlord  
  138  9:18  Hydralisk Den, Roach x7  
  138  9:20  Roach x10  
  138  9:21  Roach x7  
  143  9:26  Roach x3  
  143  9:28  Roach x4  
  143  9:31  Roach x2  
  153  9:32  Roach  
  153  9:33  Roach  
  153  9:34  Roach  
  153  9:36  Roach  
  163  9:38  Roach  
  163  9:42  Roach  
  163  9:43  Roach x2  
  165  9:46  Roach  
  165  9:51  Lurker Den  
  165  9:52  Overlord  
  163  9:56  Roach x36  
  163  9:57  Roach x2  
  163  9:58  Overlord  
  169  10:00  Roach  
  169  10:02  Roach  
  169  10:04  Roach  
  169  10:05  Roach  
  159  10:08  Roach  
  159  10:09  Drone x4  
  163  10:18  Ravager, Roach  
  166  10:21  Zerg Ground Armor Level 2  
  166  10:24  Hydralisk  
  166  10:25  Hydralisk  
  166  10:28  Roach  
  172  10:35  Overlord  
  172  10:36  Roach  
  172  10:37  Roach x2  
  172  10:39  Roach x3  
  172  10:42  Overlord  
  178  10:45  Overlord  
  178  10:46  Hydralisk x2  
  178  10:48  Overlord  
  182  10:50  Overlord  
  182  10:54  Overlord x2  
  182  11:03  Hydralisk  
  184  11:07  Spine Crawler  
  184  11:08  Spine Crawler  
  182  11:12  Ravager  
  182  11:15  Hydralisk x2  
  182  11:17  Lurker  
  182  11:18  Lurker  
  189  11:19  Lurker x2  
  189  11:20  Roach x2  
  189  11:21  Roach  
  189  11:23  Roach  
  189  11:24  Overlord  
  196  11:29  Roach x2  
  200  11:32  Overlord  
  200  11:46  Roach  
  188  11:47  Roach x3  
  188  11:48  Roach x4  
  188  11:52  Roach  
  188  11:53  Roach  
  159  11:54  Roach x3  
  159  11:55  Roach x2  
  159  11:56  Roach  
  157  12:01  Hydralisk  
  157  12:02  Hydralisk, Roach  
  157  12:04  Roach  
  157  12:05  Roach  
  157  12:06  Roach  
  157  12:08  Roach  
  138  12:10  Hydralisk  
  138  12:13  Roach  
  138  12:17  Roach  
  138  12:20  Hydralisk  
  136  12:25  Hydralisk x2  
  136  12:27  Roach  
  138  12:30  Roach  
  138  12:31  Roach  
  138  12:32  Roach  
  136  12:37  Roach  
  120  12:45  Lurker  
  120  12:48  Roach x2  
  120  12:49  Roach  
  125  12:55  Lurker  
  125  12:56  Hatchery  
  125  12:59  Lurker  
  126  13:07  Spore Crawler, Lurker  
  126  13:08  Spore Crawler, Roach  
  126  13:12  Roach  
  128  13:13  Roach  
  128  13:15  Roach  
  128  13:17  Roach  
  122  13:39  Roach x2  
  122  13:48  Roach x7  
  122  13:49  Roach x6  
  120  13:58  Roach x2  
  112  14:03  Hydralisk  
  112  14:06  Hydralisk x3, Roach x7  
  112  14:09  Hydralisk  
  120  14:10  Hatchery  
  120  14:14  Hydralisk  
  119  14:28  Hydralisk x2  
  119  14:35  Roach  
  103  14:49  Lurker x4  
  103  14:57  Lurker  
  104  15:06  Drone  
  108  15:07  Drone x4  
  108  15:13  Roach  
  113  15:21  Roach  
  115  15:35  Roach  
  115  15:43  Hydralisk  
  115  15:44  Hydralisk x2  
  115  15:49  Roach x2  
  125  15:50  Roach  
  125  15:53  Roach  
  125  15:54  Roach  
  129  15:58  Roach x5  
  129  16:00  Roach x3  
  129  16:03  Roach  
  121  16:06  Roach  
  121  16:08  Roach  
  125  16:16  Roach  
  125  16:18  Roach  
  125  16:23  Roach x2  
  125  16:24  Roach  
  128  16:31  Hydralisk  
  132  16:40  Roach x3  
  132  16:46  Roach x2  
  140  16:48  Roach  
  140  16:49  Lurker  
  143  16:55  Roach  
  143  16:56  Roach  
  143  16:59  Roach  
  139  17:09  Roach x2  
  139  17:11  Roach  
  139  17:14  Roach  
  140  17:16  Roach  
  140  17:18  Roach  
  140  17:24  Hydralisk  
  140  17:28  Roach x2  
  130  17:31  Hydralisk x2  
  130  17:39  Roach  
  130  17:40  Roach  
  128  17:44  Roach  
  125  17:58  Roach  
  125  17:59  Roach  
  125  18:00  Roach  
  125  18:01  Roach  
  125  18:05  Roach  
  131  18:07  Roach  
  131  18:12  Roach  

Tags
 
Add a new tag
Caveats
  • Supply blocks, unpowered buildings, or Contaminate may cause inaccurate times.
  • Supply counts are checked every 10 seconds.